 Dungeon Crawl Stone Soup version 0.23.2-1-ga50397a (webtiles) character file.

Game seed: 12949500387558077123

2690 IBeShadow the Covert (level 9, -3/90 HPs)
             Began as a Naga Fighter on May 8, 2019.
             Was a Believer of Cheibriados.
             Killed by divine providence
             ... invoked by an orc priest
              (11 damage)
             ... on level 7 of the Dungeon.
             The game lasted 00:13:42 (6286 turns).

IBeShadow the Covert (Naga Fighter)                 Turns: 6286, Time: 00:13:43

Health: -3/90      AC:  6    Str: 33    XL:     9   Next: 64%
Magic:  1/1        EV: 13    Int: 12    God:    Cheibriados [**....]
Gold:   177        SH: 12    Dex: 21    Spells: 5/8 levels left

rFire    . . .     SeeInvis +   B - +1 whip (elec)
rCold    . . .     Gourm    .   y - +3 buckler of Tuew {rElec rPois MP-9 Str+8}
rNeg     . . .     Faith    .   b - +0 scale mail
rPois    +         Spirit   .   (no helmet)
rElec    +         Reflect  +   (no cloak)
rCorr    +         Harm     .   (no gloves)
MR       +....                  (no barding)
Stlth    ++++......             e - +4 amulet of reflection
HPRegen  0.25/turn              q - ring of flight
MPRegen  0.07/turn              v - ring of resist corrosion

@: agile, about to teleport, very slow
A: large, see invisible, deformed body, poison resistance, slowness 2, slow
metabolism 1, spit poison 1, AC +3
a: Spit Poison, Bend Time, Renounce Religion, Evoke Flight


You were on level 7 of the Dungeon.
You worshipped Cheibriados.
Cheibriados was pleased with you.
You were hungry.

You visited 2 branches of the dungeon, and saw 8 of its levels.

You collected 339 gold pieces.
You spent 162 gold pieces at shops.

Inventory:

Hand Weapons
 a - a +0 war axe
 h - a +0 battleaxe
 B - a +1 whip of electrocution (weapon)
Missiles
 l - 134 stones (quivered)
Armour
 b - a +0 scale mail (worn)
 c - a +0 shield
 y - the +3 buckler of Tuew (worn) {rElec rPois MP-9 Str+8}
   (You found it on level 5 of the Dungeon)

   It affects your strength (+8).
   It insulates you from electricity.
   It protects you from poison.
   It affects your magic capacity (-9).
Jewellery
 e - a +4 amulet of reflection (around neck)
 o - an uncursed amulet of the gourmand
 q - a ring of flight (left hand)
 v - a ring of resist corrosion (right hand)
Wands
 d - a wand of polymorph (6)
 x - a wand of scattershot (4)
Scrolls
 i - a scroll of fear {unknown}
 j - 3 scrolls of teleportation
 k - 2 scrolls of identify
 n - 2 scrolls of fog {unknown}
 p - 5 scrolls of enchant armour
 s - a scroll of enchant weapon
 u - 2 scrolls of blinking
 z - a scroll of noise {unknown}
 A - a scroll of amnesia
Potions
 g - a potion of mutation
 r - a potion of resistance {unknown}
 t - a potion of agility
 w - a potion of flight {unknown}
 C - a potion of lignification {unknown}
 E - a potion of haste {unknown}
Comestibles
 f - 9 rations


   Skills:
 * Level 8.6 Fighting
 * Level 8.3 Axes
 - Level 2.4 Armour
 + Level 8.6 Stealth
 - Level 2.4 Shields
 + Level 2.3 Invocations


You had 5 spell levels left.
You knew the following spells:

 Your Spells              Type           Power        Failure   Level  Hunger
a - Regeneration          Chrm/Necr      #.........   88%         3    ####...

Your spell library contained the following spells:

 Spells                   Type           Power        Failure   Level  Hunger
 Animate Skeleton         Necr           N/A          54%         1    ##.....
 Pain                     Necr           #...         54%         1    ##.....
 Vampiric Draining        Necr           #.........   88%         3    ####...
 Animate Dead             Necr           N/A          99%         4    #####..


Dungeon Overview and Level Annotations

Branches:
Dungeon (7/15)             Temple (1/1) D:4

Altars:
Ashenzari
Cheibriados
Elyvilon
Fedhas
Gozag
Hepliaklqana
Kikubaaqudgha
Makhleb
Nemelex Xobeh
Okawaru
Qazlal
Ru
Sif Muna
Trog
Uskayaw
Vehumet
Wu Jian
Xom
Yredelemnul
Zin
The Shining One

Shops:
D:4 ?


Innate Abilities, Weirdness & Mutations

You cannot wear boots.
Your serpentine skin is tough. (AC +3)
You have supernaturally acute eyesight. (SInv)
Armour fits poorly on your strangely shaped body.
Your system is resistant to poisons. (rPois)
You cover ground very slowly.
You have a slow metabolism.
You can spit poison.


Message History

The orc priest calls down the wrath of Beogh upon you.
Beogh smites you!
* * * LOW HITPOINT WARNING * * *
You block the killer bee's attack. The killer bee closely misses you.
As you read the scroll of teleportation, it crumbles to dust.
You feel strangely unstable. You block the killer bee's attack.
The killer bee closely misses you. You block the killer bee's attack.
The killer bee stings you!
* * * LOW HITPOINT WARNING * * *
You hit the killer bee but do no damage.
Lightning courses through the killer bee!
You kill the killer bee!
Cheibriados thoroughly appreciates the change of pace.
The orc priest begins to cast a cantrip, but forgets the words!
You block the killer bee's attack. The killer bee stings you.
* * * LOW HITPOINT WARNING * * *
The killer bee stings you but does no damage.
The orc priest calls down the wrath of Beogh upon you.
Beogh smites you!
You die...

..................
#................o
#.................
####............#...
#..<........o....?.....
.........y............
########..####Ho....####.## .
#####..........).yo##.........#..
......######....@####.......#...
....### #..##(# #.........#
......# ##.##.# #.......# #####.#
#.##)####.......##### #.#
#.##..##...#.....#... #.#
#.###.....##.#.....# #.#
#.###...#.#.......## #.#
#..#..#.>...###รท#...# #.###
##.#.###.....##.###..


You could see a hippogriff, an orc warrior, 2 killer bees, an orc priest and an
orc.

Vanquished Creatures
  Pikel (D:5)
  Joseph (D:7)
  Sigmund (D:4)
  An orc warrior (D:5)
  A sky beast (D:7)
  An ogre (D:4)
  2 phantoms
  A centaur (D:7)
  2 bullfrogs
  A wyvern zombie (D:6)
  2 scorpions
  3 killer bees (D:7)
  3 howler monkeys
  A bullfrog zombie (D:7)
  3 crimson imps
  A jelly (D:7)
  A bullfrog skeleton (D:6)
  2 hounds
  2 orc priests
  2 worker ants
  A hound zombie (D:5)
  Robin (D:2)
  A howler monkey zombie (D:5)
  3 gnolls (D:3)
  11 adders
  An ooze (D:2)
  An adder skeleton (D:4)
  5 worms
  2 dart slugs
  6 leopard geckos
  16 orcs
  7 giant cockroaches
  16 goblins
  10 hobgoblins
  4 quokkas (D:4)
  A ball python (D:1)
  3 bats
  3 frilled lizards
  6 kobolds
  A leopard gecko zombie (D:6)
  8 rats
139 creatures vanquished.

Vanquished Creatures (others)
  A slave (D:5)
  An iguana (D:5)
  A bat (D:2)
3 creatures vanquished.

Grand Total: 142 creatures vanquished

Notes
Turn   | Place    | Note
-------+----------+-------------------------------------------
     0 | D:1      | IBeShadow the Naga Fighter began the quest for the Orb.
     0 | D:1      | Reached XP level 1. HP: 21/21 MP: 1/1
   107 | D:1      | Reached skill level 1 in Stealth
   107 | D:1      | Reached XP level 2. HP: 23/28 MP: 2/2
   880 | D:2      | Reached XP level 3. HP: 28/34 MP: 3/3
   893 | D:2      | Noticed Robin
  1351 | D:2      | Killed Robin
  1351 | D:2      | Reached XP level 4. HP: 8/44 MP: 4/4
  2116 | D:3      | Reached XP level 5. HP: 50/50 MP: 5/5
  3031 | D:4      | Found a staircase to the Ecumenical Temple.
  3060 | D:4      | Reached XP level 6. HP: 60/60 MP: 6/6
  3081 | D:4      | Reached skill level 5 in Fighting
  3090 | Temple   | Entered the Ecumenical Temple
  3289 | Temple   | Became a worshipper of Cheibriados the Contemplative
  3559 | D:4      | Found Reakepil's Magic Scroll Boutique.
  3568 | D:4      | Bought a scroll of blinking for 97 gold pieces
  3568 | D:4      | Bought a scroll of teleportation for 39 gold pieces
  3568 | D:4      | Bought a scroll of identify for 26 gold pieces
  3603 | D:4      | Noticed Sigmund
  3612 | D:4      | Killed Sigmund
  3612 | D:4      | Reached skill level 5 in Axes
  3612 | D:4      | Reached skill level 5 in Stealth
  3612 | D:4      | Reached XP level 7. HP: 47/67 MP: 7/7
  3747 | D:5      | Entered Level 5 of the Dungeon
  3771 | D:5      | Found a stormy altar of Qazlal.
  3795 | D:5      | Got a smoking buckler
  3806 | D:5      | Identified the +3 buckler of Tuew {rElec rPois MP-9 Str+8}
                  | (You found it on level 5 of the Dungeon)
  4325 | D:5      | Reached * piety under Cheibriados
  4355 | D:5      | Noticed Pikel
  4376 | D:5      | Killed Pikel
  4376 | D:5      | Reached XP level 8. HP: 52/80 MP: 0/8
  4877 | D:5      | Reached XP level 9. HP: 18/87 MP: 0/9
  5397 | D:6      | Learned a level 3 spell: Regeneration
  5753 | D:6      | Found a burning altar of Makhleb.
  5753 | D:6      | Found a sacrificial altar of Ru.
  5758 | D:6      | Found a deep blue altar of Sif Muna.
  5760 | D:6      | Found a basalt altar of Yredelemnul.
  5762 | D:6      | Found an opulent altar of Gozag.
  5931 | D:7      | Reached skill level 1 in Invocations
  5961 | D:7      | Reached ** piety under Cheibriados
  6214 | D:7      | Noticed Joseph
  6223 | D:7      | Killed Joseph
  6286 | D:7      | Killed from afar by an orc priest

Skill      XL: |  1  2  3  4  5  6  7  8  9 |
---------------+----------------------------+-----
Stealth        | 1 2 3 5 6 7 8 |  8.6
Axes           | 3 4 5 6 7 8 |  8.3
Fighting       | 4 5 7 8 |  8.6
Invocations    | 2 |  2.3
Armour         | |  2.4
Shields        | |  2.4

Action                   |  1- 3 |  4- 6 |  7- 9 || total
-------------------------+-------+-------+-------++-------
Melee: War axe           |   110 |       |       ||   110
       Spear             |       |   173 |   112 ||   285
       Whip              |       |       |   193 ||   193
 Abil: Spit Poison       |     6 |     7 |     1 ||    14
  Use: Scroll            |     3 |     3 |     3 ||     9
       Potion            |     2 |     1 |     2 ||     5
 Stab: Sleeping          |       |     1 |     3 ||     4
  Eat: Chunk             |     1 |     7 |     5 ||    13
Armor: Scale mail        |    62 |    29 |    69 ||   160
Dodge: Dodged            |    34 |    30 |    85 ||   149
Block: Shield            |    71 |    59 |     2 ||   132
       Buckler           |       |       |   191 ||   191
       Reflection        |       |       |     3 ||     3
